 Dungeon Crawl Stone Soup version 0.22-a0-605-g9281fa2 (webtiles) character file.

2083133 kuniqs the Talismancer (level 27, 279/292 HPs)
             Began as a Deep Dwarf Fighter on July 8, 2018.
             Was the Champion of Makhleb.
             Escaped with the Orb
             ... and 3 runes on July 9, 2018!
             The game lasted 02:26:23 (50190 turns).

kuniqs the Talismancer (Deep Dwarf Fighter)        Turns: 50190, Time: 02:26:24

Health: 279/292    AC: 46    Str: 25    XL:     27
Magic:  14/14      EV: 11    Int: 16    God:    Makhleb [******]
Gold:   3505       SH: 25    Dex: 13    Spells: 29/29 levels left

rFire    + + .     SeeInvis .   i - +9 broad axe (freeze)
rCold    + . .     Gourm    .   R - +0 large shield (curse)
rNeg     + . .     Faith    .   T - +5 gold dragon scales
rPois    +         Spirit   .   M - +2 helmet {Int+3}
rElec    +         Reflect  .   V - +2 cloak
rCorr    .         Harm     .   X - +1 pair of gloves {Dex+3}
MR       ++++.                  F - +0 pair of boots {run}
Stlth    ..........             k - amulet of the acrobat
HPRegen  0.00/turn              C - +6 ring of protection
MPRegen  0.14/turn              P - ring "Seep" {rF+ AC+4 Str-4 Slay+2}

@: non-regenerating, hasted (expiring), very quick
A: damage resistance, heal wounds, hooves 1, clumsy 1, deformed body, negative
energy resistance 1, sense surroundings 3, electricity resistance, no
regeneration
0: Orb of Zot
}: 3/15 runes: barnacled, silver, gossamer
a: Heal Wounds, Minor Destruction, Lesser Servant of Makhleb, Major Destruction,
Greater Servant of Makhleb, Renounce Religion


You escaped.
You worshipped Makhleb.
Makhleb was exalted by your worship.
You were very full.

You visited 10 branches of the dungeon, and saw 50 of its levels.
You visited 2 bazaars.
You visited 1 ziggurat, and saw 5 of its levels.
You also visited: Ice Cave.

You collected 7172 gold pieces.
You spent 3667 gold pieces at shops.

Inventory:

Hand Weapons
 i - a +9 broad axe of freezing (weapon)
Armour
 F - a +0 pair of boots of running (worn)
 M - a +2 helmet of intelligence (worn)
 R - a cursed +0 large shield (worn)
 T - +5 gold dragon scales (worn)
 V - a +2 cloak (worn)
 X - a +1 pair of gloves of dexterity (worn)
Jewellery
 k - an amulet of the acrobat (around neck)
 C - a +6 ring of protection (left hand)
 L - the ring of Pinwiest {rElec Str+2}
   (You found it on level 2 of the Depths)

   [ring of strength]

   It affects your strength (+2).
   It insulates you from electricity.
 P - the ring "Seep" (right hand) {rF+ AC+4 Str-4 Slay+2}
   (You took it off a hell knight on level 5 of the Vaults)

   [ring of protection]

   It affects your AC (+4).
   It affects your strength (-4).
   It affects your accuracy and damage with ranged weapons and melee attacks
   (+2).
   It protects you from fire.
Wands
 a - a wand of polymorph (33)
 p - a wand of clouds (15)
 u - a wand of disintegration (21)
 w - a wand of digging (33)
 I - a wand of iceblast (32)
 Q - a wand of paralysis (49)
 Z - a wand of acid (20)
Scrolls
 l - 2 scrolls of identify {@r1}
 m - 12 scrolls of teleportation
 q - 4 scrolls of blinking
 r - 8 scrolls of fog
 t - 4 scrolls of fear
 B - 5 scrolls of immolation
 E - 5 scrolls of vulnerability
 G - 15 scrolls of remove curse {@r2}
 J - a scroll of magic mapping
 K - 5 scrolls of silence
 Y - 2 scrolls of summoning
Potions
 b - 4 potions of haste
 c - 7 potions of heal wounds
 d - 6 potions of might
 e - 7 potions of resistance
 g - 2 potions of invisibility
 h - 3 potions of agility
 n - 10 potions of mutation
 A - 4 potions of cancellation
 D - 13 potions of curing {@q1}
 N - 6 potions of ambrosia
Miscellaneous
 v - a lamp of fire
 x - 2 phantom mirrors
 y - a fan of gales
 z - 4 boxes of beasts
 S - a phial of floods
 U - a lightning rod (4/4)
 W - 8 sacks of spiders
Comestibles
 f - 99 rations


   Skills:
 + Level 25.8 Fighting
 - Level 18.0 Axes
 - Level 22.0 Armour
 - Level 10.0 Dodging
 - Level 23.7 Shields
 - Level 1.6 Spellcasting
 - Level 8.0 Invocations
 O Level 27 Evocations


You had 29 spell levels left.
You didn't know any spells.
Your spell library was empty.

Dungeon Overview and Level Annotations

Branches:
Dungeon (15/15)            Temple (1/1) D:4            Lair (6/6) D:9
 Shoals (4/4) Lair:3       Spider (4/4) Lair:3        Slime (0/5) Lair:6
    Orc (2/2) D:10            Elf (3/3) Orc:2        Vaults (5/5) D:13
  Crypt (0/3) Vaults:2     Depths (5/5) D:15            Zot (5/5) Depths:5

Altars:
Ashenzari
Cheibriados
Dithmenos
Elyvilon
Fedhas
Gozag
Hepliaklqana
Kikubaaqudgha
Makhleb
Nemelex Xobeh
Okawaru
Qazlal
Ru
Sif Muna
Trog
Uskayaw
Vehumet
Wu Jian
Xom
Yredelemnul
Zin
The Shining One
Beogh
Lugonu

Shops:
D:6 *   D:10 *   D:11 [   D:14 *   Orc:2 ?!%[   Elf:2 (   Shoals:4 ?
Vaults:3 [   Vaults:5 %?   Depths:3 :%   Depths:5 *

Portals:
Hell: Depths:1 Depths:2 Depths:3 Depths:4 Depths:5
Abyss: Depths:1 Depths:3 Depths:4
Pandemonium: Depths:3 Depths:5

Annotations:
D:13 1 runed door, Amnesiac's ghost, journeyman SpTm
Lair:5 1 runed door, chorionicmirror's ghost, journeyman GnWn
Elf:2 3 runed doors
Vaults:3 exclusion: door
Depths:4 2 runed doors


Innate Abilities, Weirdness & Mutations

You are resistant to damage.
You can heal yourself by infusing magical energy.
You resist negative energy. (rN+)
You passively map a large area around you.
You do not regenerate.
You have large cloven feet.
You are clumsy. (Dex -2)
Armour fits poorly on your strangely shaped body.
You are resistant to electric shocks. (rElec)


Message History

Where ta? (Enter - D:1, ? - help) Ye see 'ere a run'd short sword.
Thar be a stone staircase leadin' up 'ere.
Ye climb upwards.
Thar be a stone staircase leadin' down 'ere.
Thar be a stone staircase leadin' up 'ere.
Ye climb upwards.
Thar be a stone staircase leadin' down 'ere.
Thar be a stone staircase leadin' up 'ere.
Ye climb upwards.
Thar be a stone staircase leadin' down 'ere.
Thar be a stone staircase leadin' up 'ere.
Ye climb upwards.
Thar be a stone staircase leadin' down 'ere.
Please select a direction ta dig. 'tis square be cov'red in magical glow.
Tha rock shatters inta small pieces.
Yer 'stra speed be startin' ta run out.
Thar be a staircase leadin' outta tha dungeon 'ere.
Ye haf 'scaped!

###
#.#.#.).#...#.P.#..P#.#
#.
#.#.#...#...#P..#...#.#
#.
#.#.##'###'###'###'##.#
#.
#.#.#P..............#.#
#.
#.#.#...............'.#
#.
#.#.#...............#.#
##
#.#.##'###'#.#'###'##.#
#.#.#...#P..#...#...#.#
####
#.#.#.(.#.@≈#...#...#.#
...#
#.#.#####.###########.#
...# #.#......## #.#
...####.######.# #.#
...'.....# #.# #.#
...####..# #.## #.#####
...# #..## #..# #......
...# ##..#####.###
####### ...#
#..........#


There were no monsters in sight!

Vanquished Creatures
  An ancient lich (Zot:5)
  4 orbs of fire (Zot:5)
  Mara (Depths:4)
  A juggernaut (Depths:3)
  3 pandemonium lords
  Sojobo (Depths:2)
  5 curse toes
  Bai Suzhen (Spider:3)
  Saint Roka (Depths:4)
  Margery (Depths:3)
  3 Killer Klowns
  A caustic shrike (Depths:2)
  Nikola (Spider:1)
  Jory (Depths:3)
  12 golden dragons
  the Enchantress (Depths:4)
  A bone dragon (Depths:5)
  6 electric golems
  Jorgrun (Shoals:2)
  A Hell Sentinel (D:5)
  18 tentacled monstrosities
  6 liches
  21 Orb Guardians (Zot:5)
  4 deep elf master archers (Elf:3)
  Asterion (Elf:3)
  4 titans
  3 deep elf blademasters (Elf:3)
  6 quicksilver dragons
  The ghost of Zithelix the Rich, an adept GnIE of Gozag (Elf:2)
  9 sphinxes
  Polyphemus (Shoals:3)
  12 death cobs
  A kraken (Shoals:1)
  11 storm dragons
  10 shadow dragons
  5 tengu reavers
  Ilsuiw (Shoals:3)
  4 draconian monks
  Kirke (Elf:1)
  An azure jelly (Zig:2)
  6 fire giants
  19 vault wardens
  8 draconian knights
  5 ghost moths (Spider:4)
  12 frost giants
  6 emperor scorpions
  Aizul (Elf:1)
  6 deep elf sorcerers (Elf:3)
  5 iron dragons
  A cacodemon (Depths:4)
  7 draconian scorchers
  2 draconian stormcallers
  A ghoul (Vaults:1)
  An orc warlord (Orc:2)
  5 spriggan defenders
  29 stone giants
  7 deep elf elementalists
  2 draconian shifters
  18 very ugly things
  2 war gargoyles (Vaults:5)
  16 ironheart preservers
  8 draconian annihilators
  A reaper (Depths:1)
  Azrael (D:13)
  6 entropy weavers
  5 vampire knights
  5 deep elf demonologists
  A lorocyproca (Zig:3)
  9 green draconians
  15 black draconians
  8 deep elf annihilators
  12 spark wasps
  11 yellow draconians
  15 red draconians
  2 minotaurs (Elf:2)
  15 purple draconians
  13 white draconians
  2 blizzard demons (Depths:4)
  A green death (Depths:1)
  8 deep elf death magi
  17 ettins
  An eidolon (Vaults:2)
  4 merfolk javelineers
  5 jiangshi
  8 merfolk impalers
  18 yaktaur captains
  5 deep elf high priests
  6 great orbs of eyes
  9 fire dragons
  8 ice dragons
  41 vault guards
  10 hydras
  2 naga warriors (Elf:2)
  A rakshasa (Vaults:1)
  5 spriggan air magi
  2 death knights
  An alligator snapping turtle (Shoals:3)
  3 merfolk avatars
  Erica (D:11)
  18 centaur warriors
  5 merfolk aquamancers
  A satyr (shapeshifter) (Depths:3)
  31 two-headed ogres
  3 catoblepae
  3 vampire magi
  3 deep troll shamans
  11 dancing weapons
  6 deep troll earth magi
  13 ogre magi
  6 death yaks
  3 tengu warriors
  3 spriggan berserkers
  2 soul eaters
  A queen ant (Spider:4)
  20 deep elf knights
  A skeletal warrior (Vaults:1)
  A sun demon (Depths:5)
  2 iron trolls (Depths:4)
  17 hell knights
  5 shadow wraiths
  16 deep trolls
  A shadow demon (Zig:3)
  5 wizards
  14 sea snakes
  2 unseen horrors (shapeshifter)
  10 flayed ghosts
  3 unseen horrors
  10 orc knights
  6 glowing orange brains
  15 deep elf archers
  4 phantasmal warriors
  2 necromancers
  A lindwurm (shapeshifter) (Vaults:2)
  2 harpies (shapeshifter)
  6 orb spiders
  12 ironbrand convokers
  5 harpies
  23 wolf spiders
  4 orc sorcerers
  9 cyclopes
  50 deep elf magi
  30 moths of wrath
  40 ugly things
  A cyclops (shapeshifter) (Depths:1)
  17 fauns
  17 manticores
  2 moths of wrath (shapeshifter)
  8 merfolk sirens
  An ice statue (Elf:3)
  19 vault sentinels
  A black mamba (shapeshifter) (Depths:1)
  A smoke demon (Depths:3)
  A torpor snail (Lair:3)
  7 water nymphs
  A gargoyle (D:14)
  A rust devil (D:6)
  A molten gargoyle (Lair:1)
  2 black mambas
  4 elephants (Lair:3)
  9 spiny frogs
  A water nymph (shapeshifter) (Vaults:5)
  5 spectral swamp worms (Depths:4)
  A torpor snail (shapeshifter) (Vaults:5)
  An eye of devastation (Lair:6)
  4 rime drakes
  2 hellions
  59 yaktaurs
  9 komodo dragons
  8 freezing wraiths
  A hellwing (Depths:4)
  4 kobold demonologists (Depths:4)
  An elf (Vaults:3)
  10 demonic crawlers
  An ice devil (Depths:5)
  25 jumping spiders
  A queen bee (Spider:2)
  A red devil (Zot:2)
  26 merfolk
  A tengu conjurer (Depths:3)
  A wind drake (shapeshifter) (Vaults:3)
  A meliai (shapeshifter) (D:14)
  8 polar bears
  4 small abominations
  3 meliai (Spider:2)
  8 trolls
  2 hornets (shapeshifter)
  Grinder (D:5)
  A polar bear (shapeshifter) (D:11)
  A tyrant leech (shapeshifter) (Elf:3)
  5 dream sheep
  A raiju (Spider:4)
  20 hornets
  8 snapping turtles
  7 wind drakes
  A dream sheep (shapeshifter) (Vaults:5)
  A fire giant simulacrum (Vaults:3)
  22 slime creatures
  13 hippogriffs
  A human simulacrum (Vaults:1)
  25 blink frogs
  A flying skull (Vaults:2)
  2 shadows
  A vampire (Depths:5)
  62 redbacks
  3 air elementals
  4 ynoxinuls
  A wyvern (shapeshifter) (Depths:1)
  44 yaks
  A basilisk (shapeshifter) (Vaults:3)
  18 spriggans
  35 tarantellas
  A spriggan (shapeshifter) (Depths:5)
  18 water elementals
  3 basilisks
  3 wraiths
  6 wyverns
  2 yaks (shapeshifter)
  A fire bat (shapeshifter) (Vaults:5)
  4 hogs
  2 hungry ghosts
  A fire bat (D:11)
  2 steam dragons (Shoals:3)
  2 fire elementals
  3 chaos spawn
  2 neqoxecs
  A human (shapeshifter) (Depths:1)
  3 vampire mosquitoes (Depths:1)
  2 wargs
  A yaktaur simulacrum (Vaults:2)
  An insubstantial wisp (Depths:1)
  A large abomination (Depths:1)
  15 soldier ants (Spider:4)
  7 water moccasins
  2 acid dragons
  2 hell hounds (D:13)
  5 porcupines
  2 floating eyes
  A water moccasin (shapeshifter) (Depths:2)
  37 orc warriors
  A black bear (shapeshifter) (Elf:2)
  4 black bears
  8 ice beasts
  3 sky beasts
  A phantom (Depths:1)
  2 eyes of draining
  42 ogres
  A wolf (shapeshifter) (Vaults:5)
  13 boggarts
  23 centaurs
  32 wolves
  10 crocodiles
  Blork the orc (D:7)
  14 bullfrogs
  2 earth elementals (Elf:3)
  A wyvern skeleton (D:6)
  A water moccasin skeleton (D:8)
  7 scorpions
  28 killer bees
  An orc simulacrum (Vaults:2)
  17 wights
  5 electric eels
  3 howler monkeys
  3 centaur zombies
  11 crimson imps
  A bullfrog zombie (D:6)
  7 jellies
  10 hounds
  A jelly (shapeshifter) (Elf:3)
  8 orc priests
  3 centaur skeletons
  A gnoll shaman (Orc:1)
  7 iguanas
  18 orc wizards
  4 yak simulacra (Lair:2)
  25 worker ants
  A wolf simulacrum (Lair:2)
  4 polar bear simulacra (Lair:2)
  A hound zombie (D:8)
  3 hound skeletons
  2 worker ant zombies
  11 adders
  12 gnolls
  2 shadow imps
  2 oozes (D:5)
  2 adder zombies
  2 worms (D:2)
  3 dart slugs
  2 leopard geckos
  A leopard gecko (shapeshifter) (Vaults:5)
  88 orcs
  2 bats (D:2)
  2 bat zombies (D:3)
  7 giant cockroaches
  2 goblins
  6 hobgoblins
  7 jackals
  5 quokkas
  A ball python (D:4)
  3 frilled lizards
  2 kobolds
  A leopard gecko skeleton (D:4)
  2 leopard gecko zombies (D:5)
  A quokka skeleton (D:5)
  A quokka zombie (D:7)
  9 rats
  2 rat zombies (D:3)
  2 river rat simulacra (Lair:2)
  A butterfly (Lair:4)
  2 crawling corpses (Elf:3)
  A fungus (Elf:1)
  8 plants
  A tentacle (Shoals:1)
2249 creatures vanquished.

Vanquished Creatures (collateral kills)
  Rupert (D:12)
  2 titans (Vaults:5)
  Frances (D:14)
  A shadow dragon (Vaults:5)
  Gastronok (Lair:2)
  A deep elf death mage (Vaults:5)
  Snorg (D:11)
  Josephine (Lair:4)
  3 vault guards
  Harold (D:11)
  2 death yaks (Lair:3)
  Urug (D:12)
  Nergalle (D:11)
  A deep elf archer (Elf:1)
  2 deep elf magi (Elf:1)
  A manticore (Lair:3)
  An elephant (Lair:3)
  A vault sentinel (Vaults:5)
  2 merfolk sirens (Shoals:3)
  A troll (D:9)
  A merfolk (Shoals:3)
  4 blink frogs
  2 hornets
  A dream sheep (Shoals:3)
  3 wraiths (Lair:4)
  2 redbacks
  7 yaks
  A fire elemental (D:13)
  A wyvern (D:13)
  A hog (Elf:1)
  Grum (D:11)
  A steam dragon (D:11)
  A warg (D:10)
  An acid dragon (D:11)
  2 water moccasins (Lair:2)
  A porcupine (Lair:3)
  An eye of draining (D:11)
  A black bear (Lair:6)
  2 orc warriors (D:10)
  A sky beast (D:11)
  18 wolves
  3 crocodiles
  A bullfrog (Lair:3)
  A gnoll sergeant (D:8)
  A killer bee (D:8)
  4 wights (D:11)
  2 hounds (D:9)
  A jelly (D:11)
  3 orc priests
  A centaur skeleton (D:11)
  2 orc wizards
  2 gnolls (D:8)
  5 orcs
  A butterfly (Lair:4)
  2 fungi
108 creatures vanquished.

Vanquished Creatures (others)
  A lich (Depths:3)
  A tengu reaver (Vaults:5)
  A fire giant (D:15)
  A draconian knight (Zot:4)
  A ghost moth (Spider:2)
  An entropy weaver (Vaults:5)
  A vampire knight (Depths:5)
  An ettin (Vaults:5)
  A deep troll (Depths:1)
  A deep elf mage (Elf:2)
  An ugly thing (Vaults:4)
  A moth of wrath (Zot:5)
  A vault sentinel (Vaults:1)
  A merfolk (Shoals:2)
  A ynoxinul (Depths:4)
  A water moccasin (Lair:6)
  An orc warrior (Orc:2)
  2 boggarts
  A killer bee (D:11)
  A hell rat (Depths:1)
  2 blocks of ice (Zig:1)
  13 fungi
  10 plants
  6 tentacles (Shoals:1)
52 creatures vanquished.

Grand Total: 2409 creatures vanquished

Notes
Turn   | Place    | Note
-------+----------+-------------------------------------------
     0 | D:1      | kuniqs the Deep Dwarf Fighter began the quest for the Orb.
     0 | D:1      | Reached XP level 1. HP: 20/20 MP: 1/1
   150 | D:1      | Reached XP level 2. HP: 24/27 MP: 2/2
  1049 | D:2      | Reached skill level 1 in Dodging
  1108 | D:2      | Reached XP level 3. HP: 23/33 MP: 3/3
  1575 | D:2      | Found a white marble altar of Elyvilon.
  1802 | D:4      | Noticed an ogre
  1812 | D:5      | Entered Level 5 of the Dungeon
  1819 | D:5      | Reached XP level 4. HP: 36/42 MP: 4/4
  1879 | D:5      | Noticed a sky beast
  1935 | D:5      | Killed a sky beast
  1935 | D:5      | Reached XP level 5. HP: 40/49 MP: 4/4
  1946 | D:5      | Noticed Grinder
  1950 | D:5      | Paralysed by Grinder for 7 turns
  1973 | D:5      | Paralysed by Grinder for 3 turns
  1980 | D:5      | Killed Grinder
  1980 | D:5      | Reached skill level 1 in Spellcasting
  1980 | D:5      | Reached XP level 6. HP: 52/57 MP: 1/4
  2136 | D:4      | Found a hazy altar of Hepliaklqana.
  2199 | D:4      | Reached XP level 7. HP: 58/63 MP: 5/5
  2221 | D:4      | Found a staircase to the Ecumenical Temple.
  2230 | Temple   | Entered the Ecumenical Temple
  2259 | Temple   | Became a worshipper of Makhleb the Destroyer
  2325 | D:4      | Found a shattered altar of Ashenzari.
  2683 | D:3      | Found an ancient bone altar of Kikubaaqudgha.
  2846 | D:4      | Reached * piety under Makhleb
  2925 | D:4      | Reached skill level 1 in Evocations
  3003 | D:4      | Reached skill level 1 in Invocations
  3127 | D:4      | Reached skill level 5 in Shields
  3212 | D:5      | Reached skill level 5 in Armour
  3266 | D:5      | Reached skill level 2 in Evocations
  3704 | D:5      | Reached XP level 8. HP: 68/73 MP: 4/4
  3893 | D:6      | Found a shadowy altar of Dithmenos.
  3960 | D:6      | Found a bloodstained altar of Trog.
  3961 | D:6      | Found a stormy altar of Qazlal.
  3992 | D:6      | Found Xiron's Assorted Antiques.
  3995 | D:6      | Bought a bronze wand for 112 gold pieces
  3995 | D:6      | Bought a scroll labeled FASCHO LOMPIE for 28 gold pieces
  3995 | D:6      | Bought a scroll labeled COEQEO GACITT for 28 gold pieces
  3995 | D:6      | Bought a red potion for 25 gold pieces
  3995 | D:6      | Bought a fuming cyan potion for 25 gold pieces
  4138 | D:6      | Reached skill level 3 in Evocations
  4321 | D:6      | Found a sparkling altar of Nemelex Xobeh.
  4742 | D:7      | Reached ** piety under Makhleb
  4806 | D:7      | Reached skill level 5 in Axes
  4814 | D:7      | Reached skill level 4 in Evocations
  4920 | D:7      | Noticed Blork the orc
  4924 | D:7      | Killed Blork the orc
  4931 | D:7      | Found a deep blue altar of Sif Muna.
  4980 | D:7      | Reached skill level 5 in Fighting
  5000 | D:7      | Gained mutation: You passively map the area around you. [Deep Dwarf growth]
  5000 | D:7      | Reached XP level 9. HP: 74/81 MP: 5/5
  5167 | D:7      | Reached skill level 5 in Dodging
  5738 | D:8      | Found a sacrificial altar of Ru.
  5742 | D:8      | Reached skill level 5 in Invocations
  5742 | D:8      | Reached skill level 5 in Evocations
  5949 | D:8      | Reached *** piety under Makhleb
  6587 | D:9      | Reached XP level 10. HP: 88/91 MP: 3/3
  6610 | D:9      | Got a blackened ring mail
  6668 | D:9      | Reached skill level 6 in Evocations
  6737 | D:9      | Found a staircase to the Lair.
  7040 | D:9      | Reached **** piety under Makhleb
  7096 | D:10     | Entered Level 10 of the Dungeon
  7380 | D:10     | Found Edem's Changing Room.
  7418 | D:10     | Bought a potion of mutation for 96 gold pieces
  7585 | D:10     | Found a staircase to the Orcish Mines.
  7678 | D:10     | Identified the +1 ring mail of Chimes {rC+ Str+4 Int-2} (You found it on level 9 of the Dungeon)
  8273 | D:11     | Reached skill level 7 in Evocations
  8300 | D:11     | Noticed Erica
  8310 | D:11     | Noticed Psyche
  8359 | D:11     | Noticed Sonja
  8414 | D:11     | Noticed Sonja
  8414 | D:11     | Sonja changed into Sonja the raiju
  8416 | D:11     | Noticed Sonja
  8416 | D:11     | Sonja the raiju changed into Sonja the shapeshifter
  8417 | D:11     | Noticed Sonja
  8417 | D:11     | Sonja the shapeshifter changed into Sonja the hippogriff
  8424 | D:11     | Noticed Sonja
  8424 | D:11     | Sonja the hippogriff changed into Sonja the polar bear
  8427 | D:11     | Killed Sonja the polar bear
  8455 | D:11     | Noticed a green ugly thing
  8472 | D:11     | Killed Erica
  8481 | D:11     | Killed a green ugly thing
  8481 | D:11     | Reached XP level 11. HP: 99/99 MP: 1/1
  8496 | D:11     | Noticed Psyche
  8496 | D:11     | Psyche changed into Psyche the fire bat
  8509 | D:11     | Killed Psyche the fire bat
  8514 | D:11     | Noticed Nergalle
  8541 | D:11     | Killed Nergalle
  8577 | D:11     | Noticed Harold
  8578 | D:11     | HOW MANY MORE
  8599 | D:11     | Killed Harold
  8729 | D:11     | Noticed Maurice
  8729 | D:11     | Noticed Snorg
  8730 | D:11     | Noticed Maurice
  8730 | D:11     | Maurice changed into Maurice the hornet
  8733 | D:11     | Noticed Grum
  8734 | D:11     | Killed Maurice the hornet
  8803 | D:11     | Found Raduz's Antique Armour Shop.
  8886 | D:11     | Killed Snorg
  8886 | D:11     | Reached skill level 8 in Evocations
  8926 | D:11     | Killed Grum
  9124 | Lair:1   | Entered Level 1 of the Lair of Beasts
  9956 | Lair:2   | Noticed Gastronok
  9976 | Lair:2   | Killed Gastronok
 10116 | Lair:2   | Noticed a four-headed hydra
 10127 | Lair:2   | Killed a four-headed hydra
 10127 | Lair:2   | Reached skill level 9 in Evocations
 10145 | Lair:2   | Reached XP level 12. HP: 109/109 MP: 2/2
 10444 | Lair:2   | Noticed a seven-headed hydra
 10456 | Lair:2   | Killed a seven-headed hydra
 10900 | Lair:3   | Noticed a death yak
 10900 | Lair:3   | Noticed a death yak
 10900 | Lair:3   | Noticed a death yak
 10900 | Lair:3   | Noticed a death yak
 10900 | Lair:3   | Noticed a death yak
 11163 | Lair:3   | Reached skill level 10 in Evocations
 11183 | Lair:3   | Found a hole to the Spider Nest.
 11200 | Lair:3   | Killed a death yak
 11217 | Lair:3   | Killed a death yak
 11217 | Lair:3   | Reached skill level 10 in Shields
 11223 | Lair:3   | Killed a death yak
 11226 | Lair:3   | Noticed a death yak
 11229 | Lair:3   | Killed a death yak
 11229 | Lair:3   | Reached skill level 10 in Armour
 11246 | Lair:3   | Killed a death yak
 11255 | Lair:3   | Killed a death yak
 11426 | Lair:3   | Found an ornate altar of the Wu Jian Council.
 11483 | Lair:3   | Reached XP level 13. HP: 113/118 MP: 3/3
 11518 | Lair:3   | Reached skill level 10 in Axes
 11603 | Lair:3   | Found a staircase to the Shoals.
 11666 | Lair:3   | Got a slimy brass ring
 11667 | Lair:3   | Identified the ring of the Thoughtful People {Int+3 Dex+2} (You found it on level 3 of the Lair of Beasts)
 12250 | Lair:4   | Reached skill level 10 in Dodging
 12259 | Lair:4   | Reached ***** piety under Makhleb
 12259 | Lair:4   | Reached skill level 11 in Evocations
 12511 | Lair:4   | Noticed Josephine
 12517 | Lair:4   | Killed Josephine
 12810 | Lair:5   | Found a frozen archway.
 12865 | IceCv    | Entered an ice cave
 13030 | Lair:5   | Found a runed door.
 13052 | Lair:5   | Noticed chorionicmirror's ghost (journeyman GnWn)
 13800 | Lair:6   | Entered Level 6 of the Lair of Beasts
 13934 | Lair:6   | Found a stormy altar of Qazlal.
 14235 | Lair:6   | Reached skill level 12 in Evocations
 14370 | Lair:6   | Gained mutation: You resist negative energy. (rN+) [Deep Dwarf growth]
 14370 | Lair:6   | Reached XP level 14. HP: 128/129 MP: 6/6
 14545 | Lair:6   | Paralysed by a hornet for 2 turns
 14662 | Lair:6   | Paralysed by a hornet for 3 turns
 15109 | Lair:6   | Found a staircase to the Slime Pits.
 15134 | Lair:6   | Identified a scroll of acquirement
 15532 | D:12     | Noticed Rupert
 15659 | D:12     | Got an ichor-stained chain mail
 15699 | D:12     | Noticed Urug
 15710 | D:12     | Killed Urug
 15710 | D:12     | Reached skill level 10 in Fighting
 16178 | D:12     | Got a shimmering hand axe
 16618 | D:12     | Killed Rupert
 16688 | D:13     | Found a gate to the Vaults.
 16748 | D:13     | Reached skill level 13 in Evocations
 16835 | D:13     | Found a runed door.
 16860 | D:13     | Noticed Amnesiac's ghost (journeyman SpTm)
 17032 | D:13     | Noticed Azrael
 17064 | D:13     | Killed Azrael
 17886 | D:6      | Bought a scroll of identify for 56 gold pieces
 17886 | D:6      | Identified the +5 hand axe "Uskined" {venom, rElec rN+ MR+} (You found it on level 12 of the Dungeon)
 18479 | D:14     | Found Gaeh's General Store.
 18482 | D:14     | Bought a +0 large shield for 58 gold pieces
 18482 | D:14     | Bought a wand of polymorph (15) for 221 gold pieces
 18527 | D:14     | Noticed Frances
 18542 | D:14     | Killed Frances
 18566 | D:15     | Entered Level 15 of the Dungeon
 18638 | D:15     | Reached XP level 15. HP: 100/140 MP: 8/8
 18984 | D:15     | Noticed a fire giant
 18988 | D:15     | Found a staircase to the Depths.
 19002 | D:15     | Killed a fire giant
 19831 | Orc:1    | Entered Level 1 of the Orcish Mines
 19916 | Orc:2    | Entered Level 2 of the Orcish Mines
 19918 | Orc:2    | Noticed an orc warlord
 19952 | Orc:2    | Killed an orc warlord
 19952 | Orc:2    | Reached skill level 14 in Evocations
 20127 | Orc:2    | Found a staircase to the Elven Halls.
 20228 | Orc:1    | Found a roughly hewn altar of Beogh.
 20816 | Orc:2    | Reached ****** piety under Makhleb
 20920 | Orc:2    | Found Heequide's Distillery.
 20920 | Orc:2    | Found Tazxica's Food Emporium.
 20922 | Orc:2    | Found Fitsusm's Armour Shoppe.
 20924 | Orc:2    | Found Koic Huaq's Magic Scroll Shop.
 20928 | Orc:2    | Bought a potion of heal wounds for 50 gold pieces
 20928 | Orc:2    | Bought a potion of resistance for 100 gold pieces
 20936 | Orc:2    | Bought a scroll of enchant weapon for 112 gold pieces
 20941 | Orc:2    | Bought a +0 pair of boots of stealth for 126 gold pieces
 20941 | Orc:2    | Bought a +0 pair of gloves for 49 gold pieces
 21522 | Spider:1 | Entered Level 1 of the Spider Nest
 21649 | Spider:1 | Noticed Nikola
 21677 | Spider:1 | Killed Nikola
 22815 | Spider:2 | Paralysed by a hornet for 3 turns
 22920 | Spider:2 | Noticed a ghost moth
 22933 | Spider:2 | Killed a ghost moth
 22933 | Spider:2 | Reached XP level 16. HP: 117/151 MP: 1/10
 23269 | Spider:2 | Reached skill level 15 in Evocations
 23310 | Spider:2 | Identified the +5 chain mail of the Orb {rN+ MR+ rCorr Dex-3} (You found it on level 12 of the Dungeon)
 23530 | Spider:3 | Noticed Bai Suzhen
 23559 | Spider:3 | Killed Bai Suzhen
 23833 | Spider:3 | Paralysed by a hornet for 1 turns
 24464 | Spider:4 | Entered Level 4 of the Spider Nest
 25491 | Spider:4 | Reached skill level 16 in Evocations
 25507 | Spider:4 | Reached XP level 17. HP: 162/162 MP: 0/12
 25573 | Spider:4 | Got a gossamer rune of Zot
 26049 | Shoals:1 | Entered Level 1 of the Shoals
 26520 | Shoals:1 | Noticed a kraken
 26535 | Shoals:1 | Killed a kraken
 27103 | Shoals:2 | Noticed Jorgrun
 27130 | Shoals:2 | Killed Jorgrun
 27130 | Shoals:2 | Reached skill level 15 in Shields
 27505 | Shoals:2 | Reached skill level 15 in Armour
 27554 | Shoals:3 | Noticed Ilsuiw
 27588 | Shoals:3 | Killed Ilsuiw
 27730 | Shoals:3 | Reached skill level 15 in Axes
 27754 | Shoals:3 | Noticed Polyphemus
 27778 | Shoals:3 | Killed Polyphemus
 27859 | Shoals:3 | Reached skill level 17 in Evocations
 28432 | Shoals:4 | Entered Level 4 of the Shoals
 28661 | Shoals:4 | Found the +2 shield of Resistance {rF+ rC+ MR+}
 28733 | Shoals:4 | Gained mutation: You passively map a large area around you. [Deep Dwarf growth]
 28733 | Shoals:4 | Reached XP level 18. HP: 168/171 MP: 13/13
 28764 | Shoals:4 | Found Vetriovu's Magic Scroll Emporium.
 28790 | Shoals:4 | Bought a scroll of silence for 157 gold pieces
 28882 | Shoals:4 | Got a barnacled rune of Zot
 28920 | Shoals:4 | Got a fine steel amulet
 29020 | Shoals:4 | Found a white marble altar of Elyvilon.
 29091 | Shoals:4 | Found a basalt altar of Yredelemnul.
 29167 | Shoals:4 | Got a steaming iron ring
 29677 | Vaults:1 | Entered Level 1 of the Vaults
 29705 | Vaults:1 | Identified the ring of Esaufavu {Ice Str+5} (You found it on level 4 of the Shoals)
 30265 | Vaults:1 | Reached skill level 18 in Evocations
 30401 | Vaults:1 | Identified the amulet of Checkmate {Harm *Drain +Inv rPois Str+7 Int-2} (You found it on level 4 of the Shoals)
 31020 | Vaults:2 | Found a staircase to the Crypt.
 31069 | Vaults:2 | Reached XP level 19. HP: 182/182 MP: 15/15
 31145 | Vaults:2 | Reached XP level 20. HP: 175/190 MP: 16/16
 31738 | Vaults:2 | Reached skill level 19 in Evocations
 32042 | Vaults:3 | Found a flickering gateway to a bazaar.
 32048 | Bazaar   | Entered a bazaar
 32066 | Bazaar   | Found Ubauph's Magic Scroll Shoppe.
 32066 | Bazaar   | Found Takapre's Gadget Emporium.
 32070 | Bazaar   | Bought a scroll of enchant weapon for 82 gold pieces
 32070 | Bazaar   | Bought a scroll of blinking for 82 gold pieces
 32077 | Bazaar   | Bought a wand of iceblast (7) for 121 gold pieces
 32088 | Bazaar   | Found Tafriqal's Weapon Shoppe.
 32103 | Bazaar   | Found Futy's Magic Scroll Emporium.
 32107 | Bazaar   | Bought a scroll of acquirement for 572 gold pieces
 32107 | Bazaar   | Bought a scroll of vulnerability for 82 gold pieces
 32120 | Bazaar   | Identified a +0 pair of boots of running (You acquired it in a bazaar)
 32769 | Vaults:3 | Reached skill level 15 in Fighting
 32894 | Vaults:3 | Got a scorched chain mail
 32991 | Vaults:3 | Identified the +2 chain mail of Forking Paths {rPois MR- Dex+4} (You found it on level 3 of the Vaults)
 33567 | Vaults:3 | Found Douplism's Armour Boutique.
 33632 | Vaults:4 | Reached XP level 21. HP: 201/201 MP: 17/17
 33761 | Vaults:4 | Reached skill level 20 in Evocations
 34319 | Vaults:4 | Noticed a golden dragon
 34342 | Vaults:4 | Killed a golden dragon
 34705 | Vaults:5 | Entered Level 5 of the Vaults
 34833 | Vaults:5 | Reached skill level 21 in Evocations
 34926 | Vaults:5 | Reached XP level 22. HP: 172/214 MP: 16/16
 35068 | Vaults:5 | Got a silver rune of Zot
 35078 | Vaults:5 | Identified the Incunabulum of the Land of Plenty
 35275 | Vaults:5 | Noticed a golden dragon
 35290 | Vaults:5 | Killed a golden dragon
 35315 | Vaults:5 | Noticed a golden dragon
 35365 | Vaults:5 | Killed a golden dragon
 35365 | Vaults:5 | Reached skill level 22 in Evocations
 35550 | Vaults:5 | Found Lodeerim's Food Shoppe.
 35984 | Vaults:5 | Got a brightly glowing bronze ring
 36010 | Vaults:5 | Identified the ring "Seep" {rF+ AC+4 Str-4 Slay+2} (You took it off a hell knight on level 5 of the Vaults)
 36036 | Vaults:5 | Noticed a golden dragon
 36057 | Vaults:5 | Killed a golden dragon
 36084 | Vaults:5 | Found Geusiug's Magic Scroll Shoppe.
 36197 | Vaults:5 | Noticed a golden dragon
 36211 | Vaults:5 | Killed a golden dragon
 36311 | Vaults:5 | Found the +8 longbow "Zephyr" {speed, Dex+3 SInv}
 36852 | Elf:1    | Entered Level 1 of the Elven Halls
 37194 | Elf:1    | Noticed Aizul
 37214 | Elf:1    | Killed Aizul
 37226 | Elf:1    | Noticed Kirke
 37236 | Elf:1    | Killed Kirke
 37236 | Elf:1    | Reached XP level 23. HP: 225/225 MP: 17/17
 37735 | Elf:1    | Identified the Grimoire of Calling
 37923 | Elf:2    | Found Wuejar's Antique Weapon Shop.
 37959 | Elf:2    | Found a runed gate.
 37960 | Elf:2    | Found a runed gate.
 37961 | Elf:2    | Found a runed gate.
 37962 | Elf:2    | Noticed Zithelix's ghost (adept GnIE)
 37963 | Elf:2    | Found an iron altar of Okawaru.
 37990 | Elf:2    | Reached skill level 23 in Evocations
 38011 | Elf:2    | Killed Zithelix's ghost
 38152 | Elf:2    | Found a runed gate.
 38152 | Elf:2    | Found a runed gate.
 38356 | Elf:2    | Found a runed gate.
 38388 | Elf:3    | Entered Level 3 of the Elven Halls
 38388 | Elf:3    | Found a gateway to a bazaar.
 38596 | Elf:3    | Noticed Asterion
 38611 | Elf:3    | Killed Asterion
 39165 | Elf:3    | Got a transparent ivory ring
 39167 | Elf:3    | Identified the ring "Niozobogg" {Ice +Fly Int+2 Slay-6 SInv} (You took it off a deep elf death mage on level 3 of the Elven Halls)
 39345 | Elf:3    | Identified the +0 helmet of Feasting {-Tele rN+ Str+2} (You acquired it on level 3 of the Elven Halls)
 39556 | Bazaar   | Entered a bazaar
 39560 | Bazaar   | Found Suent's Gadget Boutique.
 39578 | Bazaar   | Found Kurib's Assorted Antiques.
 39583 | Bazaar   | Bought a scroll of enchant armour for 180 gold pieces
 39595 | Bazaar   | Found Odasham's Book Boutique.
 39612 | Bazaar   | Found Qeg Vyf's Antique Weapon Shoppe.
 39634 | Bazaar   | Bought a wand of clouds (8) for 324 gold pieces
 39634 | Bazaar   | Bought a wand of paralysis (19) for 189 gold pieces
 39634 | Bazaar   | Bought a wand of iceblast (12) for 144 gold pieces
 39634 | Bazaar   | Bought a sack of spiders for 180 gold pieces
 39634 | Bazaar   | Bought a box of beasts for 180 gold pieces
 39649 | Bazaar   | Bought a potion of cancellation for 192 gold pieces
 39913 | D:10     | Bought a potion of mutation for 96 gold pieces
 39913 | D:10     | Gained mutation: Potions are less effective at restoring your health. [potion of mutation]
 39913 | D:10     | Gained mutation: You have large cloven feet. [potion of mutation]
 39914 | D:10     | Lost mutation: You have large cloven feet. [potion of mutation]
 39914 | D:10     | Lost mutation: Potions are less effective at restoring your health. [potion of mutation]
 39914 | D:10     | Gained mutation: You are resistant to electric shocks. (rElec) [potion of mutation]
 39914 | D:10     | Gained mutation: You possess an exceptional clarity of mind. [potion of mutation]
 39914 | D:10     | Gained mutation: You have large cloven feet. [potion of mutation]
 40059 | Depths:1 | Entered Level 1 of the Depths
 40185 | Depths:1 | Reached XP level 24. HP: 238/238 MP: 17/17
 40305 | Depths:1 | Reached skill level 24 in Evocations
 40396 | Depths:1 | Found a runed gate.
 40397 | Depths:1 | Found a runed gate.
 40397 | Depths:1 | Found a runed gate.
 40402 | Depths:1 | Found a gateway to Hell.
 40486 | Depths:1 | Found a one-way gate to the infinite horrors of the Abyss.
 41191 | Depths:2 | Found a gateway to a ziggurat.
 41230 | Zig:1    | Entered Level 1 of a ziggurat
 41230 | Zig:1    | Noticed Nadiymasuwk the pandemonium lord
 41235 | Zig:1    | OOPS
 41252 | Zig:1    | Killed Nadiymasuwk the pandemonium lord
 41263 | Zig:2    | Entered Level 2 of a ziggurat
 41290 | Zig:3    | Entered Level 3 of a ziggurat
 41291 | Zig:3    | Noticed Manlarph the pandemonium lord
 41301 | Zig:3    | Killed Manlarph the pandemonium lord
 41319 | Zig:4    | Entered Level 4 of a ziggurat
 41357 | Zig:5    | Entered Level 5 of a ziggurat
 41390 | Zig:5    | Reached XP level 25. HP: 247/247 MP: 16/16
 41601 | Depths:2 | Got a vibrating steel ring
 41602 | Depths:2 | Identified the ring of Pinwiest {rElec Str+2} (You found it on level 2 of the Depths)
 41796 | Depths:2 | Noticed Sojobo
 41812 | Depths:2 | Killed Sojobo
 41914 | Depths:2 | Identified the -2 cloak of the Peasants {+Fly MR+++ rCorr Str-4} (You acquired it on level 2 of the Depths)
 42117 | Depths:3 | Paralysed by a floating eye for 2 turns
 42261 | Depths:3 | Noticed Jory
 42273 | Depths:3 | Killed Jory
 42415 | Depths:3 | Found Wathorel's Food Emporium.
 42426 | Depths:3 | Found Haniec's Book Shoppe.
 42489 | Depths:3 | Reached skill level 25 in Evocations
 42563 | Depths:3 | Noticed Margery
 42577 | Depths:3 | Killed Margery
 42644 | Depths:3 | Found a one-way gate leading to the halls of Pandemonium.
 42688 | Depths:3 | Noticed a juggernaut
 42700 | Depths:3 | Killed a juggernaut
 42705 | Depths:3 | Reached XP level 26. HP: 259/259 MP: 16/16
 43214 | Depths:4 | Noticed Saint Roka
 43245 | Depths:4 | Killed Saint Roka
 43557 | Depths:4 | Noticed the Enchantress
 43582 | Depths:4 | Killed the Enchantress
 43613 | Depths:4 | Identified the +6 faerie dragon scales {rCorr Dex+2} (You took it off the Enchantress on level 4 of the Depths)
 43640 | Depths:4 | Reached skill level 26 in Evocations
 43710 | Depths:4 | Found a corrupted altar of Lugonu.
 43747 | Depths:4 | Noticed Mara
 43755 | Depths:4 | Noticed kuniqs's illusion
 43788 | Depths:4 | Killed Mara
 43949 | Depths:4 | Found a runed door.
 43952 | Depths:4 | Found a runed door.
 44013 | Depths:4 | Found a burning altar of Makhleb.
 44136 | Depths:4 | Identified the amulet of Joy {Reflect rPois MR- Int-2 SH+5 Stlth+} (You found it on level 4 of the Depths)
 44137 | Depths:4 | NOOOOO
 44257 | Depths:5 | Entered Level 5 of the Depths
 44488 | Depths:5 | Found Etud's Blood Bar.
 44861 | Depths:5 | Found a gate to the Realm of Zot.
 45248 | Zot:1    | Entered Level 1 of the Realm of Zot
 45368 | Zot:1    | Reached skill level 27 in Evocations
 45566 | Zot:1    | Reached XP level 27. HP: 272/272 MP: 17/17
 48754 | Zot:5    | Entered Level 5 of the Realm of Zot
 49061 | Zot:5    | Noticed an ancient lich
 49077 | Zot:5    | Killed an ancient lich
 49079 | Zot:5    | Noticed an orb of fire
 49097 | Zot:5    | Lost mutation: You possess an exceptional clarity of mind. [an orb of fire]
 49114 | Zot:5    | Killed an orb of fire
 49365 | Zot:5    | Noticed an orb of fire
 49377 | Zot:5    | Killed an orb of fire
 49443 | Zot:5    | Noticed an orb of fire
 49500 | Zot:5    | Noticed an orb of fire
 49500 | Zot:5    | Gained mutation: Armour fits poorly on your strangely shaped body. [an orb of fire]
 49511 | Zot:5    | Killed an orb of fire
 49520 | Zot:5    | Gained mutation: You are clumsy. (Dex -2) [an orb of fire]
 49537 | Zot:5    | Killed an orb of fire
 49649 | Zot:5    | Got the Orb of Zot
 49675 | Zot:5    | Noticed Iral Ruj the pandemonium lord
 49682 | Zot:5    | Killed Iral Ruj the pandemonium lord
 49731 | Zot:5    | Noticed an orb of fire
 49946 | Depths:2 | Noticed an ancient lich
 50190 | D:$      | Escaped with the Orb!

Vault maps used:
D:1:      dpeg_arrival_prison
D:2:      elyvilon_altar_5
D:3:      lemuel_zombie_altar_kikubaaqudgha, first_ration
D:4:      kennysheep_mini, marbit_many_paths, temple_hall
D:5:      kennysheep_potato, uniq_grinder
D:6:      grunt_temple_overflow_open, serial_shops, shop
D:7:      tgw_sif
D:8:      old_standard_altar, minmay_misc_feat_rugged, grunt_ogre_cave
D:9:      erik_lair_island
D:10:     david_orc_1_choice, nicolae_transmutations_shop
D:11:     serial_shops, nicolae_shop_trees, uniq_maurice, uniq_erica,
          uniq_psyche, uniq_grum, uniq_harold, uniq_nergalle, uniq_sonja,
          uniq_snorg
D:12:     uniq_rupert, uniq_urug
D:13:     erik_vaults_2, ebering_ghost_reflecting_pool,
          kennysheep_generic_room_12, uniq_azrael
D:14:     serial_shops, kennysheep_mini_moat, dpeg_stationary_puzzle,
          uniq_frances
D:15:     grunt_enter_depths_giant_problem, roderic_lattice_a
Temple:   minmay_temple_bridge_abc
Lair:2:   minivault_25, eino_house_with_fridge, grunt_megastairs_4,
          lemuel_fruit_tree, uniq_gastronok
Lair:3:   minmay_shoals_entry_beasts, nicolae_spider_entry_orb_guardian,
          basic_altar, grunt_forest_large_clearings
Lair:4:   lemuel_fruit_fields, uniq_josephine
Lair:5:   portal_ice_cave_entry_pillars_2, ebering_ghost_reflecting_pool,
          grunt_megastairs_3, serial_bayou_shore_b
Lair:6:   minmay_lair_end_enchanted_forest, minmay_slime_entry_eyes, basic_altar
Shoals:1: nicolae_shoals_arrival_archipelago
Shoals:2: uniq_jorgrun
Shoals:3: nicolae_shoals_drake_roost, uniq_ilsuiw, uniq_polyphemus
Shoals:4: shoals_end_grunt_ice, serial_shops, shop, hangedman_feature_mirror
Spider:1: uniq_nikola
Spider:2: special_room
Spider:3: nicolae_spider_corner, uniq_bai_suzhen
Spider:4: spider_rune_water, hangedman_spider_mandibles, zaba_antful_of_joy
Orc:1:    basic_altar
Orc:2:    st_orc_rangers
Elf:1:    elf_arrival_001, minmay_elf_demonology, hangedman_elven_ridges,
          uniq_aizul, uniq_kirke
Elf:2:    gammafunk_ghost_fury_of_okawaru, serial_shops, shop, st_stairs_9
Elf:3:    minmay_elf_hall_furrowed, serial_shops, statue_bzr, uniq_asterion
Vaults:1: ontoclasm_vaults_gateway, v_misc_11, st_smaller_cells,
          nicolae_vaults_little_squares_5, vaults_room_boxed,
          hangedman_vaults_trim, nicolae_vaults_border_crossing,
          nicolae_vaults_bisected_inception, hangedman_vaults_hat,
          nicolae_vaults_little_squares_4, nicolae_vaults_little_squares_4,
          nicolae_vaults_rhombus_5, vaults_room_semicircle
Vaults:2: vaults_room_pools, hangedman_vaults_slither,
          minmay_crypt_entry_simple_box, v_misc_28, ontoclasm_vaults_fault,
          nicolae_vaults_gold_heap, ontoclasm_vaults_ring_small,
          dpeg_vaults_pockets_of_resistance, grunt_vaults_hallway_short,
          nicolae_vaults_asterisk
Vaults:3: nicolae_vaults_shelves_hall, dpeg_vaults_monster_box, v_alt_pattern_3,
          nicolae_vaults_network_square, v_misc_30, vaults_room_door_hall,
          nicolae_vaults_holding_cells, nicolae_vaults_sealed_display,
          ontoclasm_vaults_misaligned, vaults_room_stairs_pillars,
          vaults_room_stairs_pillars, serial_shops, bzr_entry_road
Vaults:4: hangedman_vaults_nails, nicolae_vaults_triangles,
          vaults_room_door_ring, nicolae_vaults_three_branches,
          hangedman_vaults_snaps, vaults_room_semicircle,
          nicolae_vaults_alarming, nicolae_vaults_halls_meeting,
          grunt_vaults_focal, nicolae_vaults_diagonal_hallway_6,
          nicolae_vaults_little_ls, vaults_dpeg_spiral
Depths:1: minmay_expanding_squares, hell_entry, abyss_entry, hex_medium,
          minmay_strange_pillars, pandoras_box_mu
Depths:2: kennysheep_bubble_arena, enter_ziggurat_e, serial_glass,
          glass_columns_b, glass_columns_b, due_unseen_surprise,
          item_on_display_a, minmay_strange_pillars, item_on_display_a,
          bh_walls_and_bars, hangedman_coc_ice_floe, uniq_sojobo
Depths:3: minmay_tile_spiral, grunt_metal_band, abyss_entry, pan_entry,
          minivault_14, minmay_shoptagon, minmay_staircase_bubble,
          serial_bayou_shore_a, uniq_jory
Depths:4: evilmike_makhleb_hellhole, pf_hell_entry_tar_river,
          hangedman_decor_slide_cut, abyss_entry_crystal, tgw_lugonu_bribe,
          infiniplex_staircase_star, uniq_saint_roka, uniq_enchantress,
          uniq_mara
Depths:5: evilmike_zot_entry_basic, hell_entry, serial_sigils_hangedman_snap,
          rand_demon_pan_entry_8, st_stairs_10, guppyfry_shop_blood,
          serial_bayou_shore_b
Zot:2:    grunt_zot_stairs_faceoff, st_stairs_11
Zot:3:    st_single_dragon_hoard_2
Zot:4:    st_stairs_12, grunt_ministairs_2, grunt_megastairs_2
Zig:2:    ziggurat_pillar_centre_c
Bazaar:   bazaar_short_row, bazaar_jpeg_circle_common
IceCv:    ice_cave_statue_garden_chambered

Skill      XL: |  1  2  3  4  5  6  7  8  9 10 11 12 13 14 15 16 17 18 19 20 21 22 23 24 25 26 27 |
---------------+----------------------------------------------------------------------------------+-----
Dodging        | 1 2 3 4 6 7 8 9 10 | 10.0
Fighting       | 3 4 5 6 7 8 9 10 11 12 13 14 15 16 17 18 19 20 25 | 25.8
Axes           | 3 4 5 6 7 8 9 11 12 13 14 15 16 17 18 | 18.0
Shields        | 4 5 6 7 8 9 10 11 12 13 14 15 16 17 18 19 20 23 | 23.7
Armour         | 4 5 6 7 8 9 10 11 12 13 14 15 16 17 18 20 21 22 | 22.0
Spellcasting   | 1 |  1.6
Evocations     | 2 4 5 7 9 10 12 13 14 16 17 18 19 21 22 23 24 25 27 | 27.0
Invocations    | 2 4 5 7 8 |  8.0

Action                   |  1- 3 |  4- 6 |  7- 9 | 10-12 | 13-15 | 16-18 | 19-21 | 22-24 | 25-27 || total
-------------------------+-------+-------+-------+-------+-------+-------+-------+-------+-------++-------
Melee: War axe           |   147 |    86 |   183 |       |    11 |       |       |       |       ||   427
       Dire flail        |       |       |   330 |       |       |       |       |       |       ||   330
       Broad axe         |       |       |   116 |   160 |    19 |  1105 |   962 |  1415 |  2162 ||  5939
       Trident           |       |       |       |   629 |  1108 |       |       |       |       ||  1737
       Hand axe          |       |       |       |       |   891 |   888 |       |       |       ||  1779
       Scimitar          |       |       |       |       |    18 |       |       |       |       ||    18
Throw: Throwing net      |       |       |       |     2 |     3 |       |       |       |       ||     5
Invok: Minor Destruction |       |       |     4 |       |     5 |       |       |       |       ||     9
       Lesser Servant of |       |       |     1 |    27 |    23 |     8 |       |     6 |       ||    65
 Abil: Heal Wounds       |     1 |     5 |    16 |    12 |     4 |     6 |     8 |    18 |    10 ||    80
Evoke: Wand              |       |       |    41 |    98 |    76 |   104 |    17 |    40 |    65 ||   441
       Lamp of fire      |       |       |       |       |       |     1 |     2 |     2 |     2 ||     7
       Lightning rod     |       |       |       |       |       |       |     4 |     8 |       ||    12
  Use: Scroll            |     2 |       |     5 |     9 |    10 |    20 |     9 |    18 |    27 ||   100
       Potion            |       |     1 |     1 |     8 |     3 |     8 |     1 |     4 |    10 ||    36
 Stab: Paralysed         |       |       |       |    21 |    57 |   145 |     6 |     3 |    44 ||   276
       Invisible         |       |       |       |     5 |       |       |       |       |       ||     5
       Distracted        |       |       |       |     5 |     3 |     1 |     1 |     2 |       ||    12
       Confused          |       |       |       |       |     1 |       |       |       |       ||     1
       Petrified         |       |       |       |       |       |     5 |       |       |       ||     5
       Betrayed ally     |       |       |       |       |       |       |       |     1 |       ||     1
  Eat: Chunk             |     3 |     2 |    33 |    18 |    53 |    35 |    12 |    10 |    26 ||   192
       Ration            |       |       |       |       |       |       |       |     1 |     3 ||     4
Armor: Scale mail        |     6 |       |       |       |       |       |       |       |       ||     6
       Chain mail        |    91 |    41 |   195 |   196 |     6 |   333 |       |       |       ||   862
       Plate armour      |       |       |   344 |   174 |   761 |   433 |   128 |       |       ||  1840
       Storm dragon scal |       |       |       |       |       |       |    71 |       |       ||    71
       Gold dragon scale |       |       |       |       |       |       |   127 |   617 |   955 ||  1699
       Skin              |       |       |       |       |       |       |       |       |     6 ||     6
Dodge: Dodged            |    46 |    13 |   395 |   349 |   605 |   642 |   404 |   422 |   566 ||  3442
Block: Shield            |    76 |    41 |   219 |   622 |   882 |   433 |   693 |   322 |       ||  3288
       Large shield      |       |       |       |       |   883 |  1279 |       |   798 |  1972 ||  4932
       Rpst.: Scimitar   |       |       |       |       |     1 |       |       |       |       ||     1

Table legend:
 A = Spawn XP
 B = Non-spawn XP
 C = Spawn XP percentage of total XP
 D = Spawn monster count
 E = Non-spawn monster count
 F = Spawn count percentage of total count
 G = Total turns spent on level
                    A         B        C        D         E        F      G
               +---------+---------+-------+---------+---------+-------+---------
         Total |       0 | 1636989 |   0.0 |       0 |    2345 |   0.0 | 50190
               +---------+---------+-------+---------+---------+-------+---------
           D:1 |       0 |      29 |   0.0 |       0 |      19 |   0.0 |   989
           D:2 |       0 |      58 |   0.0 |       0 |      14 |   0.0 |   779
           D:3 |       0 |      16 |   0.0 |       0 |       9 |   0.0 |   428
           D:4 |       0 |     464 |   0.0 |       0 |      26 |   0.0 |   738
           D:5 |       0 |     880 |   0.0 |       0 |      22 |   0.0 |   962
           D:6 |       0 |     586 |   0.0 |       0 |      15 |   0.0 |   889
           D:7 |       0 |    1147 |   0.0 |       0 |      23 |   0.0 |   791
           D:8 |       0 |    2076 |   0.0 |       0 |      37 |   0.0 |  1056
           D:9 |       0 |    1405 |   0.0 |       0 |      32 |   0.0 |   776
          D:10 |       0 |    1306 |   0.0 |       0 |      26 |   0.0 |  1628
          D:11 |       0 |    7561 |   0.0 |       0 |      58 |   0.0 |  1104
          D:12 |       0 |    8270 |   0.0 |       0 |      46 |   0.0 |  1197
          D:13 |       0 |   11668 |   0.0 |       0 |      27 |   0.0 |  1217
          D:14 |       0 |    9292 |   0.0 |       0 |      20 |   0.0 |   582
          D:15 |       0 |   14724 |   0.0 |       0 |      38 |   0.0 |  1114
        Lair:1 |       0 |    2142 |   0.0 |       0 |      12 |   0.0 |   753
        Lair:2 |       0 |    8784 |   0.0 |       0 |      41 |   0.0 |  1200
        Lair:3 |       0 |   12966 |   0.0 |       0 |      51 |   0.0 |  1019
        Lair:4 |       0 |    7839 |   0.0 |       0 |      28 |   0.0 |   959
        Lair:5 |       0 |    7438 |   0.0 |       0 |      31 |   0.0 |   943
        Lair:6 |       0 |   18257 |   0.0 |       0 |      84 |   0.0 |  1558
      Shoals:1 |       0 |    9415 |   0.0 |       0 |      17 |   0.0 |   717
      Shoals:2 |       0 |   21909 |   0.0 |       0 |      40 |   0.0 |   796
      Shoals:3 |       0 |   24913 |   0.0 |       0 |      48 |   0.0 |   894
      Shoals:4 |       0 |   31486 |   0.0 |       0 |      54 |   0.0 |  1039
      Spider:1 |       0 |   16794 |   0.0 |       0 |      40 |   0.0 |  1342
      Spider:2 |       0 |   14449 |   0.0 |       0 |      58 |   0.0 |   701
      Spider:3 |       0 |   20836 |   0.0 |       0 |      41 |   0.0 |  1052
      Spider:4 |       0 |   40819 |   0.0 |       0 |     112 |   0.0 |  1374
         Orc:1 |       0 |     796 |   0.0 |       0 |      13 |   0.0 |   386
         Orc:2 |       0 |   13707 |   0.0 |       0 |      80 |   0.0 |  1289
         Elf:1 |       0 |   23297 |   0.0 |       0 |      36 |   0.0 |  1044
         Elf:2 |       0 |   35612 |   0.0 |       0 |      43 |   0.0 |   560
         Elf:3 |       0 |   79039 |   0.0 |       0 |      73 |   0.0 |  1176
      Vaults:1 |       0 |   58493 |   0.0 |       0 |      89 |   0.0 |  1304
      Vaults:2 |       0 |   42340 |   0.0 |       0 |      62 |   0.0 |  1114
      Vaults:3 |       0 |   69021 |   0.0 |       0 |      99 |   0.0 |  1579
      Vaults:4 |       0 |   62687 |   0.0 |       0 |      77 |   0.0 |  1117
      Vaults:5 |       0 |  182899 |   0.0 |       0 |     144 |   0.0 |  1794
      Depths:1 |       0 |   67294 |   0.0 |       0 |      87 |   0.0 |  1025
      Depths:2 |       0 |   40419 |   0.0 |       0 |      25 |   0.0 |   849
      Depths:3 |       0 |   81950 |   0.0 |       0 |      60 |   0.0 |  1083
      Depths:4 |       0 |   83282 |   0.0 |       0 |     101 |   0.0 |  1160
      Depths:5 |       0 |   51615 |   0.0 |       0 |      51 |   0.0 |  1004
         Zot:1 |       0 |   48917 |   0.0 |       0 |      32 |   0.0 |   860
         Zot:2 |       0 |   56275 |   0.0 |       0 |      35 |   0.0 |  1017
         Zot:3 |       0 |   59202 |   0.0 |       0 |      35 |   0.0 |   996
         Zot:4 |       0 |  101313 |   0.0 |       0 |      60 |   0.0 |   929
         Zot:5 |       0 |  156139 |   0.0 |       0 |      50 |   0.0 |   813
         Zig:1 |       0 |    4987 |   0.0 |       0 |       1 |   0.0 |    33
         Zig:2 |       0 |    2143 |   0.0 |       0 |       2 |   0.0 |    27
         Zig:3 |       0 |    4193 |   0.0 |       0 |       4 |   0.0 |    29
         Zig:4 |       0 |    5978 |   0.0 |       0 |       4 |   0.0 |    38
         Zig:5 |       0 |    6607 |   0.0 |       0 |       6 |   0.0 |    35
         IceCv |       0 |    1255 |   0.0 |       0 |       7 |   0.0 |    71
               +---------+---------+-------+---------+---------+-------+---------
